 Dungeon Crawl Stone Soup version 0.17.2-1-ge4368a0 (webtiles) character file.

61 ololoev the Skirmisher (level 3, -8/29 HPs)
             Began as a Demonspawn Fighter on Oct 27, 2016.
             Killed by divine providence
             ... invoked by an orc priest
              (9 damage)
             ... on level 3 of the Dungeon.
             The game lasted 00:02:55 (443 turns).

ololoev the Skirmisher (Demonspawn Fighter)          Turns: 443, Time: 00:02:55

Health: -8/29      AC:  6    Str: 17    XL:     3   Next: 83%
Magic:  0/3        EV:  9    Int:  9    God:
Gold:   49         SH:  0    Dex: 12    Spells: 0 memorised, 2 levels left

rFire  x . .     SeeInvis .     a - +0 war axe
rCold  + . .     Clarity  .     b - +0 scale mail
rNeg   . . .     SustAt   .     (no shield)
rPois  .         Gourm    .     (no helmet)
rElec  .         Spirit   +     (no cloak)
rCorr  .         Warding  .     (no gloves)
rMut   .         Stasis   .     (no boots)
MR     .....                    g - amulet of faith
Stlth  ..........               (no ring)
                                l - ring of ice

@: not resistant to hostile enchantments, extremely unstealthy
A: magic shield
a: no special abilities


Innate Abilities, Weirdness & Mutations

When hurt, damage is shared between your health and your magic reserves.

Inventory:

Hand Weapons
 a - a +0 war axe (weapon)
Armour
 b - a +0 scale mail (worn)
Jewellery
 g - an amulet of faith (around neck)
 l - a ring of ice (left hand)
Scrolls
 c - a scroll of identify {unknown}
 d - a scroll of remove curse {unknown}
 h - a scroll of fear {unknown}
 i - a scroll of random uselessness {unknown}
 k - a scroll of recharging {unknown}
Comestibles
 e - a bread ration
 j - 8 fruits


   Skills:
 + Level 3.5 Fighting
 * Level 3.0 Axes
 + Level 3.1 Armour
   Level 2.6 Shields


You had 2 spell levels left.
You didn't know any spells.


You were on level 3 of the Dungeon.
You were not hungry.

You visited 1 branch of the dungeon, and saw 3 of its levels.

You collected 49 gold pieces.

......#.... ...#.....#
..# ........###.#
####..## #...#......#
........ ..#..†#...#
#.#.....# ......)##.#
.#.....#
#.#.#.....####
......##. #
#..........###o#......
#########.#...@)...#
........#.#.###..#
#########..... #
###.### #.# ... .##. $
.#

Notes
Turn   | Place    | Note
--------------------------------------------------------------
     0 | D:1      | ololoev the Demonspawn Fighter began the quest for the Orb.
     0 | D:1      | Reached XP level 1. HP: 18/18 MP: 1/1
   136 | D:1      | Gained mutation: When hurt, damage is shared between your health and your magic reserves. [demonic ancestry]
   136 | D:1      | Reached XP level 2. HP: 24/24 MP: 2/2
   200 | D:2      | HP: 1/24 [gnoll/halberd (9)]
   202 | D:2      | Reached XP level 3. HP: 1/29 MP: 0/3
   223 | D:2      | HP: 1/29 [kobold (2)]
   442 | D:3      | HP: 1/29 [orc priest (3)]
   443 | D:3      | Killed from afar by an orc priest

Dungeon Overview and Level Annotations

Branches:
Dungeon (3/15)

Altars:


Message History

You kill the orc!
You slash the orc!
You kill the orc!
Unknown command.
You closely miss the orc. The orc barely misses you.
Unknown command.
You hit the orc.
The orc is severely wounded.
The orc closely misses you.
The orc priest calls upon Beogh to heal the orc.
The orc's wounds heal themselves!
Unknown command.
You barely miss the orc priest. You hit the orc.
You kill the orc!
Your Axes skill increases to level 3!
The orc priest hits you.
Unknown command.
You hit the orc priest but do no damage.
The orc priest hits you.
Unknown command.
You barely miss the orc priest.
The orc priest mumbles some strange prayers to Beogh against you.
Pain shoots through your body!
The orc priest picks up an emerald potion.
Unknown command.
You slash the orc priest!
The orc priest is heavily wounded.
The orc priest drinks a potion.
The orc priest is healed!
You slash the orc priest!
The orc priest is heavily wounded.
The orc priest completely misses you.
You closely miss the orc priest.
The orc priest is heavily wounded.
The orc priest hits you but does no damage.
The orc priest hits you.
You hit the orc priest but do no damage.
The orc priest is heavily wounded.
The orc priest calls down the wrath of Beogh upon you.
Something smites you!
You die...

You could see an orc priest.

Vanquished Creatures
  3 gnolls (D:2)
  5 orcs (D:3)
  2 giant cockroaches
  3 hobgoblins
  3 bats
  A giant gecko (D:2)
  A goblin (D:1)
  5 kobolds
  5 rats
28 creatures vanquished.

Action                   || total
-------------------------++-------
Melee: War axe           ||    80
  Use: Potion            ||     3

Vault maps used:
D:1:      denvon_arrival_hothouse
D:3:      first_bread, minmay_misc_feat_secret_circle, uniq_crazy_yiuf_cottage
